 Dungeon Crawl Stone Soup version 0.21.1-1-g345015fe64 (webtiles) character file.

217 BrokenGlass the Ruffian (level 5, -3/36 HPs)
             Began as an Octopode Fighter on Feb 12, 2018.
             Was a Follower of Ru.
             Slain by an ogre
             ... wielding a +0 giant spiked club
              (23 damage)
             ... on level 4 of the Dungeon.
             The game lasted 00:02:35 (2742 turns).

BrokenGlass the Ruffian (Octopode Fighter)          Turns: 2742, Time: 00:02:35

Health: -3/36      AC:  3    Str: 16    XL:     5   Next: 94%
Magic:  5/5        EV: 19    Int: 16    God:    Ru [*.....]
Gold:   198        SH:  0    Dex: 16    Spells: 4/4 levels left

rFire    . . .     SeeInvis +     - Unarmed
rCold    . . .     Gourm    .   (no shield)
rNeg     . . .     Faith    .   u - +2 hat
rPois    .         Spirit   .   (no amulet)
rElec    .         Reflect  .   i - ring of resist corrosion
rCorr    +         Harm     .   k - ring of see invisible
MR       .....                  (no ring)
Stlth    +++.......             (no ring)
HPRegen  0.12/turn              (no ring)
MPRegen  0.09/turn              (no ring)
                                (no ring)
                                (no ring)

@: brilliant, agile
A: almost no armour, stealthy swim, amphibious, 8 rings, constrict 8, camouflage
1, gelatinous body 1, hated by all
a: Renounce Religion


You were on level 4 of the Dungeon.
You worshipped Ru.
Ru was aware of your devotion.
You were near starving.

You visited 1 branch of the dungeon, and saw 4 of its levels.

You collected 198 gold pieces.

Inventory:

Missiles
 p - 43 bolts
Armour
 a - a +0 shield
 u - a +2 hat (worn)
Jewellery
 i - a ring of resist corrosion (left tentacle)
 k - a ring of see invisible (right tentacle)
Wands
 t - a wand of clouds (6)
Scrolls
 d - 4 scrolls of remove curse {unknown}
 e - 2 scrolls of amnesia {unknown}
 f - a scroll of teleportation {unknown}
 g - 6 scrolls of identify {unknown}
 h - a scroll of enchant weapon {unknown}
 l - a scroll of fog {unknown}
 o - a scroll of enchant armour {unknown}
 s - a scroll of immolation {unknown}
Potions
 b - a potion of might
 j - a potion of agility
 m - a potion of brilliance
 n - 2 potions of heal wounds {unknown}
 q - a potion of curing
 r - 2 potions of magic
Comestibles
 c - 10 rations


   Skills:
 - Level 3.0 Fighting
 - Level 3.0 Dodging
 - Level 3.0 Shields
 + Level 6.0 Unarmed Combat


You had 4 spell levels left.
You didn't know any spells.

Dungeon Overview and Level Annotations

Branches:
Dungeon (4/15)
 Temple: D:4-7

Altars:
Dithmenos
Ru
Trog
Uskayaw
Wu Jian
Zin

Annotations:
D:4 BrokenGlass's ghost, amateur OpFi


Innate Abilities, Weirdness & Mutations

You cannot wear most types of armour.
You are very stealthy in the water. (Stealth+)
You are amphibious.
You can wear up to eight rings at the same time.
You can use your tentacles to constrict eight enemies at once.
Your skin changes colour to match your surroundings (Stealth+).
Your rubbery body absorbs attacks. (AC +1, EV +1)
You are hated by all.


Message History

You are too injured to fight recklessly!
You are too injured to fight recklessly!
You are too injured to fight recklessly!
You are too injured to fight recklessly!
You are too injured to fight recklessly!
You are too injured to fight recklessly!
You are too injured to fight recklessly!
You are too injured to fight recklessly!
You are too injured to fight recklessly!
Unknown command.
It was a potion of agility.
You feel agile all of a sudden. The ogre closely misses you.
It was a potion of brilliance.
You feel clever all of a sudden.
It was a potion of curing.
You feel better. The ogre closely misses you.
It was a potion of magic.
Magic courses through your body.
The ogre hits you with a giant spiked club!!
Ouch! That really hurt!
You die...

#...## ..# # ##### 8...8
..?8 ####...# ...#####...#
...#...# ....#.......
##.#...########....(......
#...........##...........
###...#####....###.......
##...# ##...@OW.......
##....# #.#.###.......
#....## #.#.# ###.###
#....# #...# .. #<...#
##..## .
#....######...######.
#.(..................
#....#.###.##.######.
##..#.#.##..##.#


You could see an ogre and BrokenGlass's ghost.

Vanquished Creatures
  A crimson imp (D:4)
  A hound (D:4)
  An iguana (D:4)
  A hound skeleton (D:4)
  A gnoll (D:1)
  3 adders
  2 dart slugs (D:1)
  A leopard gecko (D:3)
  An orc (D:3)
  2 giant cockroaches (D:1)
  6 hobgoblins
  11 jackals
  A quokka (D:2)
  10 bats
  5 frilled lizards
  9 goblins
  9 kobolds
  8 rats
73 creatures vanquished.

Notes
Turn   | Place    | Note
-------+----------+-------------------------------------------
     0 | D:1      | BrokenGlass the Octopode Fighter began the quest for the Orb.
     0 | D:1      | Reached XP level 1. HP: 16/16 MP: 1/1
    57 | D:1      | Reached XP level 2. HP: 10/21 MP: 2/2
   356 | D:1      | Reached skill level 3 in Unarmed Combat
   362 | D:1      | Reached XP level 3. HP: 21/26 MP: 3/3
   860 | D:2      | Reached skill level 4 in Unarmed Combat
   935 | D:2      | Reached XP level 4. HP: 27/31 MP: 4/4
  1013 | D:2      | Found a hide-covered altar of Uskayaw.
  1014 | D:2      | Found an ornate altar of the Wu Jian Council.
  1016 | D:2      | Found a bloodstained altar of Trog.
  1018 | D:2      | Found a shadowy altar of Dithmenos.
  1019 | D:2      | Found a glowing silver altar of Zin.
  1019 | D:2      | Found a sacrificial altar of Ru.
  1049 | D:2      | Became a worshipper of Ru the Awakened
  1756 | D:3      | Found a faded altar of an unknown god.
  2035 | D:3      | Gained mutation: You are hated by all. [Ru sacrifice]
  2035 | D:3      | Reached * piety under Ru
  2100 | D:3      | Reached skill level 5 in Unarmed Combat
  2615 | D:4      | Reached XP level 5. HP: 33/36 MP: 5/5
  2706 | D:4      | Reached skill level 6 in Unarmed Combat
  2732 | D:4      | Noticed an ogre
  2733 | D:4      | Noticed BrokenGlass's ghost (amateur OpFi)
  2742 | D:4      | Slain by an ogre

Skill      XL: |  1  2  3  4  5 |
---------------+----------------+-----
Unarmed Combat | 3 4 5 6 |  6.0
Fighting       | |  3.0
Dodging        | |  3.0
Shields        | |  3.0

Action                   |  1- 3 |  4- 6 || total
-------------------------+-------+-------++-------
Melee: Unarmed           |    79 |    95 ||   174
       Constrict         |    21 |    20 ||    41
       Tentacles         |    11 |    14 ||    25
       Punch             |     1 |     2 ||     3
Invok: Sacrifice Love    |       |     1 ||     1
  Use: Potion            |       |     4 ||     4
 Stab: Sleeping          |     6 |     6 ||    12
  Eat: Chunk             |       |     4 ||     4
Armor: Skin              |     5 |     9 ||    14
Dodge: Dodged            |    50 |    66 ||   116
